Vancouver Canucks vs Los Angeles Kings
Created - Friday, February 28, 2025 at 08:53
Goals
|
| Vancouver Canucks |
3 |
0 |
0 |
3 |
| Los Angeles Kings |
0 |
0 |
2 |
2 |
|
Shots
|
| Vancouver Canucks |
17 |
12 |
8 |
37 |
| Los Angeles Kings |
14 |
7 |
6 |
27 |
|
1st period
1. Vancouver Canucks , Artturi Lehkonen 5 (Clayton Keller 6, Mikko Rantanen 7) at 4:15 (PP)
2. Vancouver Canucks , Mikael Pyyhtia 2 (Robby Fabbri 11, Ryan McDonagh 2) at 11:11
3. Vancouver Canucks , Aleksander Barkov 9 (Matias Maccelli 5) at 13:09
Penalties :
Noah Dobson (LAK) for Roughing (Minor) at 2:24, Aleksander Barkov (VAN) for Interference (Minor) at 5:45, Blake Wheeler (LAK) for Holding (Minor) at 14:11
2nd period
No Goal
Penalties :
Owen Power (LAK) for Tripping (Minor) at 0:45, Aleksander Barkov (VAN) for High sticking (Minor) at 7:34
3rd period
4. Los Angeles Kings , Adam Fantilli 6 (Owen Power 9) at 9:07
5. Los Angeles Kings , Michael Milne 3 (Noah Dobson 10, Logan Cooley 9) at 9:39
Penalties :
Michael Eyssimont (LAK) for Cross-checking (Minor) at 1:59
Goalie Stats
Joonas Korpisalo (VAN), 25 saves from 27 shots - (0.926), W, 3-7-3, 60:00 minutes
Jonas Johansson (LAK), 34 saves from 37 shots - (0.919), L, 1-10-1, 59:03 minutes
Players Stats for Vancouver Canucks
Player Name G A P +/- PIM S H SB GA TA FO MP PP MP PK MP
------------------------------------------------------------------------------------
Aleksander Barkov 1 0 1 0 4 7 0 0 1 0 10/11 19:14 4:29 0:00
Anton Lundell 0 0 0 -1 0 2 1 0 0 0 4/6 11:29 0:00 0:00
Artturi Lehkonen 1 0 1 0 0 3 3 0 2 0 0/2 20:47 4:30 1:36
Brett Leason 0 0 0 1 0 0 1 0 0 2 0/1 11:07 0:00 2:00
Casey Mittelstadt 0 0 0 0 0 0 2 0 0 1 12/20 18:48 3:18 0:50
Chad Ruhwedel 0 0 0 0 0 0 1 0 0 0 0/0 16:45 0:00 1:43
Clayton Keller 0 1 1 0 0 4 2 1 0 0 1/1 19:27 4:30 0:00
Connor Zary 0 0 0 -1 0 0 0 0 0 0 0/0 13:44 3:18 0:00
Emil Martinsen Lilleberg 0 0 0 0 0 0 2 2 0 0 0/0 19:38 3:19 2:15
Jacob Bernard-Docker 0 0 0 0 0 0 1 3 0 0 0/0 16:32 0:00 2:15
Matias Maccelli 0 1 1 0 0 5 3 0 0 0 0/0 13:27 0:00 0:00
Mikael Pyyhtia 1 0 1 1 0 1 0 0 0 0 2/2 7:59 0:00 0:00
Mikko Rantanen 0 1 1 0 0 4 5 0 0 0 1/3 21:01 4:30 1:54
Miro Heiskanen 0 0 0 0 0 2 1 3 0 0 0/0 24:15 4:29 0:00
Noah Hanifin 0 0 0 0 0 3 5 1 0 0 0/0 25:05 3:19 1:43
Robby Fabbri 0 1 1 1 0 3 1 0 0 0 0/0 10:51 3:18 0:00
Ryan McDonagh 0 1 1 0 0 1 0 1 0 1 0/0 13:16 0:00 0:00
Ty Dellandrea 0 0 0 -1 0 2 5 0 0 0 0/0 12:35 0:00 1:36
Players Stats for Los Angeles Kings
Player Name G A P +/- PIM S H SB GA TA FO MP PP MP PK MP
------------------------------------------------------------------------------------
Adam Fantilli 1 0 1 1 0 5 0 0 0 0 8/17 16:39 1:58 0:00
Alexander Romanov 0 0 0 1 0 2 1 0 0 1 0/0 22:48 1:59 4:00
Andrei Kuzmenko 0 0 0 1 0 2 4 0 1 0 1/3 18:00 1:58 3:42
Andrei Svechnikov 0 0 0 1 0 4 1 0 1 0 0/0 20:42 1:58 3:48
Blake Wheeler 0 0 0 0 2 2 0 2 0 0 0/0 15:45 0:00 0:00
Cooper Marody 0 0 0 0 0 0 0 0 0 0 1/1 5:24 0:00 0:00
Erik Brannstrom 0 0 0 -2 0 0 2 3 0 0 0/3 20:50 2:00 1:56
Jakub Zboril 0 0 0 0 0 0 1 0 0 1 0/0 14:14 0:00 0:00
K'Andre Miller 0 0 0 -1 0 0 0 6 0 1 0/0 23:19 1:59 4:02
Logan Cooley 0 1 1 -2 0 5 2 1 0 0 4/12 20:45 2:00 3:42
Michael Eyssimont 0 0 0 1 2 1 1 0 0 0 1/7 13:27 0:00 0:18
Michael Milne 1 0 1 1 0 1 0 0 0 0 0/0 13:18 0:00 0:00
Noah Dobson 0 1 1 -1 2 0 3 0 0 0 0/0 22:14 1:59 2:58
Owen Power 0 1 1 1 2 0 1 2 0 0 0/0 22:57 1:59 2:58
Ryan Reaves 0 0 0 0 0 0 0 0 0 0 0/0 3:48 0:00 0:00
Seth Jarvis 0 0 0 -2 0 5 1 0 1 0 1/3 20:50 2:00 3:48
Trent Frederic 0 0 0 1 0 0 2 0 1 0 0/0 17:08 0:00 0:00
Vitali Kravtsov 0 0 0 0 0 0 0 0 0 0 0/0 0:00 0:00 0:00
3 Stars
1 - Artturi Lehkonen (VAN)
2 - Mikael Pyyhtia (VAN)
3 - Mikko Rantanen (VAN)
Power Play
Vancouver Canucks - 1 on 4 Attempt(s) - 25.00%
Los Angeles Kings - 0 on 2 Attempt(s) - 0.00%
Penalty Kill
Vancouver Canucks - 2 on 2 Attempt(s) - 100.00%
- Score 0 goal in Penalty Kill
Los Angeles Kings - 3 on 4 Attempt(s) - 75.00%
- Score 0 goal in Penalty Kill
Team Stat
Vancouver Canucks - Hits : 33 - Faceoff Wins : 30 - Blocked Shots : 11 - Penalty Minutes : 4
Los Angeles Kings - Hits : 19 - Faceoff Wins : 16 - Blocked Shots : 14 - Penalty Minutes : 8
Official
Referees : Kevin Pollock and Brandon Schrader
Linesman : Kyle Flemington and Ryan Daisy
Game Notes
No Game Note
Finance
Level 1 -- Attendance: 4788 (79.80%) -- Ticket Income $478,800
Level 2 -- Attendance: 3973 (79.46%) -- Ticket Income $238,380
Level 3 -- Attendance: 2114 (70.47%) -- Ticket Income $73,990
Level 4 -- Attendance: 3865 (77.30%) -- Ticket Income $96,625
Luxury Box -- Attendance: 740 (74.00%) -- Ticket Income $148,000
Game was played at the Staples Center.
Total Attendance: 15480 (77.40%)
Total Ticket Income: $1,035,795
Other Income: $362,528
Total Income: $1,398,323
Vancouver Canucks
5 vs 5 Forward
Center Left Wing Right Wing Time % Phy DF OF
1 Casey Mittelstadt Clayton Keller Mikko Rantanen 40 1 1 3
2 Aleksander Barkov Matias Maccelli Artturi Lehkonen 30 1 2 2
3 Anton Lundell Connor Zary Ty Dellandrea 20 1 2 2
4 Mikael Pyyhtia Robby Fabbri Brett Leason 10 1 3 1
5 vs 5 Defense
Defense Defense Time % Phy DF OF
1 Noah Hanifin Miro Heiskanen 30 1 2 2
2 Emil Martinsen Lilleberg Ryan McDonagh 30 1 2 2
3 Chad Ruhwedel Jacob Bernard-Docker 25 1 2 2
4 Noah Hanifin Miro Heiskanen 15 1 2 2
PowerPlay Forward
Center Left Wing Right Wing Time % Phy DF OF
1 Mikko Rantanen Clayton Keller Artturi Lehkonen 50 0 1 4
2 Casey Mittelstadt Connor Zary Robby Fabbri 50 0 1 4
PowerPlay Defense
Defense Defense Time % Phy DF OF
1 Aleksander Barkov Miro Heiskanen 50 0 1 4
2 Noah Hanifin Emil Martinsen Lilleberg 50 0 1 4
Penalty Kill 4 Players Forward
Center Wing Time % Phy DF OF
1 Aleksander Barkov Brett Leason 50 1 2 2
2 Artturi Lehkonen Ty Dellandrea 50 1 2 2
Penalty Kill 4 Players Defense
Defense Defense Time % Phy DF OF
1 Noah Hanifin Chad Ruhwedel 50 1 2 2
2 Emil Martinsen Lilleberg Jacob Bernard-Docker 50 1 2 2
Penalty Kill - 3 Players Forward
Forward Time % Phy DF OF
1 Brett Leason 50 1 2 2
2 Aleksander Barkov 50 1 2 2
Penalty Kill - 3 Players Defense
Defense Defense Time % Phy DF OF
1 Noah Hanifin Chad Ruhwedel 50 1 2 2
2 Emil Martinsen Lilleberg Jacob Bernard-Docker 50 1 2 2
4 vs 4 Forward
Center Wing Time % Phy DF OF
1 Mikko Rantanen Clayton Keller 50 1 2 2
2 Casey Mittelstadt Matias Maccelli 50 1 2 2
4 vs 4 Defense
Defense Defense Time % Phy DF OF
1 Noah Hanifin Miro Heiskanen 50 1 2 2
2 Emil Martinsen Lilleberg Chad Ruhwedel 50 1 2 2
Last Minutes Offensive
Center Left Wing Right Wing Defense Defense
Aleksander Barkov Clayton Keller Mikko Rantanen Ryan McDonagh Miro Heiskanen
Last Minutes Defensive
Center Left Wing Right Wing Defense Defense
Aleksander Barkov Artturi Lehkonen Brett Leason Noah Hanifin Miro Heiskanen
Goaltenders
Starting : Joonas Korpisalo
Backup : Ville Husso
Extra Forwards
Normal : Aleksander Barkov, Mikko Rantanen, Clayton Keller - PP : Clayton Keller, Casey Mittelstadt - PK : Mikko Rantanen
Extra Defensemen
Normal : Noah Hanifin, Miro Heiskanen, Emil Martinsen Lilleberg - PP : Noah Hanifin - PK : Noah Hanifin, Miro Heiskanen
Penalty Shots
Aleksander Barkov, Mikko Rantanen, Clayton Keller, Brett Leason, Miro Heiskanen
Scratches
Jesperi Kotkaniemi (Healthy), Adam Boqvist (Healthy), Jacob Bryson (Healthy), Justus Annunen (Healthy)
Los Angeles Kings
5 vs 5 Forward
Center Left Wing Right Wing Time % Phy DF OF
1 Logan Cooley Erik Brannstrom Seth Jarvis 30 1 2 2
2 Adam Fantilli Trent Frederic Andrei Svechnikov 30 1 2 2
3 Michael Eyssimont Michael Milne Andrei Kuzmenko 25 1 2 2
4 Cooper Marody Erik Brannstrom Blake Wheeler 15 1 2 2
5 vs 5 Defense
Defense Defense Time % Phy DF OF
1 Noah Dobson K'Andre Miller 35 1 2 2
2 Alexander Romanov Owen Power 35 1 2 2
3 Jakub Zboril Blake Wheeler 30 1 2 2
4 Noah Dobson K'Andre Miller 0 1 2 2
PowerPlay Forward
Center Left Wing Right Wing Time % Phy DF OF
1 Logan Cooley Erik Brannstrom Seth Jarvis 50 1 2 2
2 Adam Fantilli Andrei Kuzmenko Andrei Svechnikov 50 1 2 2
PowerPlay Defense
Defense Defense Time % Phy DF OF
1 Noah Dobson K'Andre Miller 50 1 2 2
2 Alexander Romanov Owen Power 50 1 2 2
Penalty Kill 4 Players Forward
Center Wing Time % Phy DF OF
1 Seth Jarvis Andrei Svechnikov 50 1 2 2
2 Andrei Kuzmenko Logan Cooley 50 1 2 2
Penalty Kill 4 Players Defense
Defense Defense Time % Phy DF OF
1 Noah Dobson K'Andre Miller 50 1 2 2
2 Alexander Romanov Owen Power 50 1 2 2
Penalty Kill - 3 Players Forward
Forward Time % Phy DF OF
1 Seth Jarvis 50 1 2 2
2 Andrei Svechnikov 50 1 2 2
Penalty Kill - 3 Players Defense
Defense Defense Time % Phy DF OF
1 Noah Dobson K'Andre Miller 50 1 2 2
2 Alexander Romanov Owen Power 50 1 2 2
4 vs 4 Forward
Center Wing Time % Phy DF OF
1 Seth Jarvis Andrei Svechnikov 50 1 2 2
2 Andrei Kuzmenko Logan Cooley 50 1 2 2
4 vs 4 Defense
Defense Defense Time % Phy DF OF
1 Noah Dobson K'Andre Miller 50 1 2 2
2 Alexander Romanov Owen Power 50 1 2 2
Last Minutes Offensive
Center Left Wing Right Wing Defense Defense
Logan Cooley Erik Brannstrom Seth Jarvis Noah Dobson K'Andre Miller
Last Minutes Defensive
Center Left Wing Right Wing Defense Defense
Logan Cooley Erik Brannstrom Seth Jarvis Noah Dobson K'Andre Miller
Goaltenders
Starting : Jonas Johansson
Backup : Andrei Vasilevskiy
Extra Forwards
Normal : Trent Frederic, Ryan Reaves, Michael Eyssimont - PP : Trent Frederic, Ryan Reaves - PK : Michael Eyssimont
Extra Defensemen
Normal : Jakub Zboril, Erik Brannstrom, Alexander Romanov - PP : Jakub Zboril - PK : Erik Brannstrom, Alexander Romanov
Penalty Shots
Seth Jarvis, Andrei Svechnikov, Andrei Kuzmenko, Logan Cooley, Blake Wheeler
Scratches
Peyton Krebs (Healthy)
% Time on Ice - Vancouver Canucks
Lines # - Real PCT - Wanted PCT - Time Play
Normal Forward
1 - 31% - 40% - 14:39
2 - 29% - 30% - 13:31
3 - 23% - 20% - 10:59
4 - 17% - 10% - 7:59
Normal Defense
1 - 28% - 30% - 13:13
2 - 31% - 30% - 14:47
3 - 30% - 25% - 14:10
4 - 11% - 15% - 4:58
PP Forward
1 - 58% - 50% - 4:30
2 - 42% - 50% - 3:18
PP Defense
1 - 57% - 50% - 4:29
2 - 43% - 50% - 3:19
PK Forward
1 - 60% - 50% - 2:22
2 - 40% - 50% - 1:36
PK Defense
1 - 43% - 50% - 1:43
2 - 57% - 50% - 2:15
PK3 Forward
1 - 0% - 50%
2 - 0% - 50%
PK3 Defense
1 - 0% - 50%
2 - 0% - 50%
44 Forward
1 - 0% - 50%
2 - 0% - 50%
44 Defense
1 - 0% - 50%
2 - 0% - 50%
Last Minute Offensive - 0:00
Last Minute Defensive - 1:06
Total
Forward - 60:00
Defense - 60:00
|
% Time on Ice - Los Angeles Kings
Lines # - Real PCT - Wanted PCT - Time Play
Normal Forward
1 - 30% - 30% - 13:57
2 - 35% - 30% - 16:29
3 - 25% - 25% - 11:46
4 - 10% - 15% - 4:57
Normal Defense
1 - 34% - 35% - 16:14
2 - 35% - 35% - 16:43
3 - 30% - 30% - 14:12
4 - 0% - 0% - 0:00
PP Forward
1 - 50% - 50% - 2:00
2 - 50% - 50% - 1:58
PP Defense
1 - 50% - 50% - 1:59
2 - 50% - 50% - 1:59
PK Forward
1 - 50% - 50% - 3:55
2 - 50% - 50% - 3:53
PK Defense
1 - 47% - 50% - 3:38
2 - 53% - 50% - 4:10
PK3 Forward
1 - 0% - 50%
2 - 0% - 50%
PK3 Defense
1 - 0% - 50%
2 - 0% - 50%
44 Forward
1 - 0% - 50%
2 - 0% - 50%
44 Defense
1 - 0% - 50%
2 - 0% - 50%
Last Minute Offensive - 1:05
Last Minute Defensive - 0:00
Total
Forward - 60:00
Defense - 60:00
|
Play-by-Play
1st period
0:01 of 1st period - Casey Mittelstadt wins face-off versus Logan Cooley in neutral zone.
0:16 of 1st period - Wrist shot by Logan Cooley.
0:16 of 1st period - Stopped by Joonas Korpisalo with a rebound.
0:19 of 1st period - Icing by Casey Mittelstadt.
0:20 of 1st period - Adam Fantilli wins face-off versus Casey Mittelstadt in Vancouver Canucks zone.
0:35 of 1st period - Wrist shot by Adam Fantilli.
0:35 of 1st period - Shot Misses the Net.
0:49 of 1st period - Snap shot by Artturi Lehkonen.
0:49 of 1st period - Stopped by Jonas Johansson with a rebound.
0:51 of 1st period - Slapshot by Noah Hanifin.
0:51 of 1st period - Deflect By Matias Maccelli.
0:51 of 1st period - Stopped by Jonas Johansson without a rebound.
0:52 of 1st period - Cooper Marody wins face-off versus Aleksander Barkov in Los Angeles Kings zone.
0:57 of 1st period - Slapshot by Blake Wheeler.
0:57 of 1st period - Deflect By Cooper Marody.
0:57 of 1st period - Deflect By Aleksander Barkov.
0:57 of 1st period - Shot Misses the Net.
0:57 of 1st period - Puck is out of play.
0:58 of 1st period - Anton Lundell wins face-off versus Erik Brannstrom in Vancouver Canucks zone.
1:13 of 1st period - Snap shot by Anton Lundell.
1:13 of 1st period - Shot Blocked by Blake Wheeler.
1:20 of 1st period - Icing by Jakub Zboril.
1:21 of 1st period - Mikael Pyyhtia wins face-off versus Michael Eyssimont in Los Angeles Kings zone.
1:22 of 1st period - Wrist shot by Robby Fabbri.
1:22 of 1st period - Stopped by Jonas Johansson with a rebound.
1:28 of 1st period - Wrist shot by Andrei Kuzmenko.
1:28 of 1st period - Stopped by Joonas Korpisalo with a rebound.
1:30 of 1st period - Wrist shot by Michael Milne.
1:30 of 1st period - Shot Blocked by Jacob Bernard-Docker.
1:32 of 1st period - Slapshot by Blake Wheeler.
1:32 of 1st period - Stopped by Joonas Korpisalo with a rebound.
1:34 of 1st period - Wrist shot by Blake Wheeler.
1:34 of 1st period - Stopped by Joonas Korpisalo without a rebound.
1:35 of 1st period - Aleksander Barkov wins face-off versus Logan Cooley in Vancouver Canucks zone.
1:45 of 1st period - Backhand shot by Artturi Lehkonen.
1:45 of 1st period - Shot Blocked by K'Andre Miller.
1:47 of 1st period - Slapshot by Miro Heiskanen.
1:47 of 1st period - Stopped by Jonas Johansson with a rebound.
2:01 of 1st period - K'Andre Miller is hit by Ty Dellandrea and loses puck.
2:14 of 1st period - Snap shot by Seth Jarvis.
2:14 of 1st period - Shot Misses the Net.
2:24 of 1st period - Minor Penalty to Noah Dobson for Roughing.
2:25 of 1st period - Seth Jarvis wins face-off versus Mikko Rantanen in Los Angeles Kings zone.
2:39 of 1st period - Icing by Clayton Keller.
2:40 of 1st period - Mikko Rantanen wins face-off versus Seth Jarvis in Vancouver Canucks zone.
2:51 of 1st period - Slapshot by Mikko Rantanen.
2:51 of 1st period - Stopped by Jonas Johansson with a rebound.
2:53 of 1st period - Wrist shot by Artturi Lehkonen.
2:53 of 1st period - Shot Misses the Net.
2:55 of 1st period - Snap shot by Aleksander Barkov.
2:55 of 1st period - Stopped by Jonas Johansson with a rebound.
2:57 of 1st period - Slapshot by Aleksander Barkov.
2:57 of 1st period - Stopped by Jonas Johansson with a rebound.
2:59 of 1st period - Snap shot by Clayton Keller.
2:59 of 1st period - Shot Misses the Net.
3:01 of 1st period - Snap shot by Artturi Lehkonen.
3:01 of 1st period - Shot Blocked by Erik Brannstrom.
3:03 of 1st period - Snap shot by Artturi Lehkonen.
3:03 of 1st period - Shot Blocked by K'Andre Miller.
3:05 of 1st period - Snap shot by Aleksander Barkov.
3:05 of 1st period - Shot Blocked by K'Andre Miller.
3:07 of 1st period - Wrist shot by Artturi Lehkonen.
3:07 of 1st period - Stopped by Jonas Johansson with a rebound.
3:09 of 1st period - Snap shot by Mikko Rantanen.
3:09 of 1st period - Shot Blocked by K'Andre Miller.
3:11 of 1st period - Snap shot by Clayton Keller.
3:11 of 1st period - Shot Blocked by K'Andre Miller.
3:13 of 1st period - Snap shot by Aleksander Barkov.
3:13 of 1st period - Shot Misses the Net.
3:15 of 1st period - Wrist shot by Aleksander Barkov.
3:15 of 1st period - Stopped by Jonas Johansson with a rebound.
3:19 of 1st period - Wrist shot by Clayton Keller.
3:19 of 1st period - Shot Blocked by Erik Brannstrom.
3:21 of 1st period - Wrist shot by Clayton Keller.
3:21 of 1st period - Stopped by Jonas Johansson with a rebound.
3:23 of 1st period - Slapshot by Miro Heiskanen.
3:23 of 1st period - Shot Misses the Net.
3:25 of 1st period - Snap shot by Artturi Lehkonen.
3:25 of 1st period - Shot Blocked by Erik Brannstrom.
3:27 of 1st period - Snap shot by Miro Heiskanen.
3:27 of 1st period - Deflect By Erik Brannstrom.
3:27 of 1st period - Stopped by Jonas Johansson with a rebound.
4:15 of 1st period - Snap shot by Artturi Lehkonen.
4:15 of 1st period - Goal by Artturi Lehkonen - Vancouver Canucks : 1 - Los Angeles Kings : 0.
4:16 of 1st period - Anton Lundell wins face-off versus Michael Eyssimont in neutral zone.
4:41 of 1st period - Ryan McDonagh is hit by Trent Frederic and loses puck.
5:03 of 1st period - Off-side.
5:04 of 1st period - Anton Lundell wins face-off versus Erik Brannstrom in neutral zone.
5:07 of 1st period - Alexander Romanov is hit by Anton Lundell and loses puck.
5:45 of 1st period - Minor Penalty to Aleksander Barkov for Interference.
5:46 of 1st period - Logan Cooley wins face-off versus Mikko Rantanen in Vancouver Canucks zone.
5:51 of 1st period - Slapshot by Logan Cooley.
5:51 of 1st period - Stopped by Joonas Korpisalo without a rebound.
5:52 of 1st period - Logan Cooley wins face-off versus Brett Leason in Vancouver Canucks zone.
6:37 of 1st period - Chad Ruhwedel is hit by Andrei Svechnikov and loses puck.
6:42 of 1st period - Snap shot by Andrei Svechnikov.
6:42 of 1st period - Stopped by Joonas Korpisalo without a rebound.
6:43 of 1st period - Logan Cooley wins face-off versus Artturi Lehkonen in Vancouver Canucks zone.
6:58 of 1st period - Wrist shot by Logan Cooley.
6:58 of 1st period - Shot Misses the Net.
7:45 of 1st period - Penalty to Aleksander Barkov is over, Aleksander Barkov is back on ice.
7:57 of 1st period - Noah Dobson is hit by Miro Heiskanen and loses puck.
8:19 of 1st period - Aleksander Barkov is hit by Erik Brannstrom and loses puck.
8:38 of 1st period - Andrei Svechnikov is hit by Ty Dellandrea and loses puck.
8:49 of 1st period - Mikko Rantanen is hit by Michael Eyssimont and loses puck.
10:01 of 1st period - Noah Hanifin is hit by Noah Dobson and loses puck.
10:12 of 1st period - Cooper Marody is hit by Noah Hanifin and loses puck.
10:31 of 1st period - Ryan McDonagh is hit by Andrei Kuzmenko and loses puck.
10:40 of 1st period - Michael Eyssimont is hit by Chad Ruhwedel and loses puck.
11:04 of 1st period - Seth Jarvis is hit by Brett Leason and loses puck.
11:09 of 1st period - Wrist shot by Robby Fabbri.
11:09 of 1st period - Stopped by Jonas Johansson with a rebound.
11:11 of 1st period - Snap shot by Mikael Pyyhtia.
11:11 of 1st period - Goal by Mikael Pyyhtia - Vancouver Canucks : 2 - Los Angeles Kings : 0.
11:12 of 1st period - Adam Fantilli wins face-off versus Casey Mittelstadt in neutral zone.
11:23 of 1st period - Snap shot by Adam Fantilli.
11:23 of 1st period - Stopped by Joonas Korpisalo without a rebound.
11:24 of 1st period - Adam Fantilli wins face-off versus Casey Mittelstadt in Vancouver Canucks zone.
11:29 of 1st period - Backhand shot by Adam Fantilli.
11:29 of 1st period - Stopped by Joonas Korpisalo without a rebound.
11:30 of 1st period - Adam Fantilli wins face-off versus Casey Mittelstadt in Vancouver Canucks zone.
11:35 of 1st period - Snap shot by Adam Fantilli.
11:35 of 1st period - Shot Misses the Net.
11:41 of 1st period - Snap shot by Adam Fantilli.
11:41 of 1st period - Stopped by Joonas Korpisalo with a rebound.
11:43 of 1st period - Slapshot by Andrei Svechnikov.
11:43 of 1st period - Stopped by Joonas Korpisalo without a rebound.
11:44 of 1st period - Logan Cooley wins face-off versus Casey Mittelstadt in Vancouver Canucks zone.
12:11 of 1st period - Snap shot by Anton Lundell.
12:11 of 1st period - Stopped by Jonas Johansson without a rebound.
12:12 of 1st period - Adam Fantilli wins face-off versus Anton Lundell in Los Angeles Kings zone.
13:02 of 1st period - Seth Jarvis is hit by Artturi Lehkonen and loses puck.
13:09 of 1st period - Snap shot by Aleksander Barkov.
13:09 of 1st period - Goal by Aleksander Barkov - Vancouver Canucks : 3 - Los Angeles Kings : 0.
13:10 of 1st period - Casey Mittelstadt wins face-off versus Adam Fantilli in neutral zone.
13:23 of 1st period - Snap shot by Adam Fantilli.
13:23 of 1st period - Shot Misses the Net.
13:25 of 1st period - Slapshot by Owen Power.
13:25 of 1st period - Deflect By Andrei Svechnikov.
13:25 of 1st period - Stopped by Joonas Korpisalo with a rebound.
13:37 of 1st period - Michael Eyssimont is hit by Matias Maccelli.
13:41 of 1st period - Snap shot by Michael Eyssimont.
13:41 of 1st period - Stopped by Joonas Korpisalo with a rebound.
13:45 of 1st period - Wrist shot by Andrei Kuzmenko.
13:45 of 1st period - Stopped by Joonas Korpisalo with a rebound.
13:57 of 1st period - Wrist shot by Anton Lundell.
13:57 of 1st period - Shot Blocked by Logan Cooley.
14:05 of 1st period - Snap shot by Anton Lundell.
14:05 of 1st period - Deflect By Seth Jarvis.
14:05 of 1st period - Stopped by Jonas Johansson with a rebound.
14:11 of 1st period - Minor Penalty to Blake Wheeler for Holding.
14:12 of 1st period - Andrei Kuzmenko wins face-off versus Casey Mittelstadt in Los Angeles Kings zone.
14:27 of 1st period - Snap shot by Casey Mittelstadt.
14:27 of 1st period - Shot Misses the Net.
15:19 of 1st period - Slapshot by Andrei Svechnikov.
15:19 of 1st period - Stopped by Joonas Korpisalo with a rebound.
16:11 of 1st period - Penalty to Blake Wheeler is over, Blake Wheeler is back on ice.
16:13 of 1st period - K'Andre Miller is hit by Emil Martinsen Lilleberg and loses puck.
16:34 of 1st period - Slapshot by Seth Jarvis.
16:34 of 1st period - Deflect By Andrei Svechnikov.
16:34 of 1st period - Shot Hit the Post.
16:34 of 1st period - Puck is out of play.
16:35 of 1st period - Mikael Pyyhtia wins face-off versus Michael Eyssimont in Vancouver Canucks zone.
16:59 of 1st period - Erik Brannstrom is hit by Ty Dellandrea and loses puck.
17:12 of 1st period - Cooper Marody is hit by Ty Dellandrea.
17:22 of 1st period - Erik Brannstrom is hit by Clayton Keller and loses puck.
18:00 of 1st period - Slapshot by Miro Heiskanen.
18:00 of 1st period - Shot Blocked by Owen Power.
19:03 of 1st period - Wrist shot by Robby Fabbri.
19:03 of 1st period - Shot Blocked by K'Andre Miller.
19:19 of 1st period - Adam Fantilli is hit by Matias Maccelli and loses puck.
Goals for this period are 3 for Vancouver Canucks vs 0 for Los Angeles Kings.
Shots for this period are 17 for Vancouver Canucks vs 14 for Los Angeles Kings.
2nd period
0:01 of 2nd period - Adam Fantilli wins face-off versus Casey Mittelstadt in neutral zone.
0:10 of 2nd period - Snap shot by Clayton Keller.
0:10 of 2nd period - Stopped by Jonas Johansson with a rebound.
0:26 of 2nd period - Logan Cooley is hit by Noah Hanifin and loses puck.
0:31 of 2nd period - Snap shot by Aleksander Barkov.
0:31 of 2nd period - Stopped by Jonas Johansson with a rebound.
0:33 of 2nd period - Snap shot by Artturi Lehkonen.
0:33 of 2nd period - Deflect By Aleksander Barkov.
0:33 of 2nd period - Stopped by Jonas Johansson with a rebound.
0:45 of 2nd period - Minor Penalty to Owen Power for Tripping.
0:46 of 2nd period - Casey Mittelstadt wins face-off versus Andrei Kuzmenko in Los Angeles Kings zone.
1:38 of 2nd period - Seth Jarvis is hit by Noah Hanifin and loses puck.
1:58 of 2nd period - Alexander Romanov is hit by Mikko Rantanen and loses puck.
2:45 of 2nd period - Penalty to Owen Power is over, Owen Power is back on ice.
3:29 of 2nd period - Off-side.
3:30 of 2nd period - Anton Lundell wins face-off versus Adam Fantilli in neutral zone.
3:49 of 2nd period - Snap shot by Logan Cooley.
3:49 of 2nd period - Stopped by Joonas Korpisalo with a rebound.
3:51 of 2nd period - Snap shot by Erik Brannstrom.
3:51 of 2nd period - Deflect By Seth Jarvis.
3:51 of 2nd period - Stopped by Joonas Korpisalo without a rebound.
3:52 of 2nd period - Aleksander Barkov wins face-off versus Logan Cooley in Vancouver Canucks zone.
4:09 of 2nd period - Wrist shot by Logan Cooley.
4:09 of 2nd period - Shot Misses the Net.
4:11 of 2nd period - Snap shot by Seth Jarvis.
4:11 of 2nd period - Stopped by Joonas Korpisalo without a rebound.
4:12 of 2nd period - Casey Mittelstadt wins face-off versus Adam Fantilli in Vancouver Canucks zone.
4:12 of 2nd period - Casey Mittelstadt is hit by Noah Dobson.
4:50 of 2nd period - Wrist shot by Mikko Rantanen.
4:50 of 2nd period - Shot Misses the Net.
4:55 of 2nd period - Off-side.
4:56 of 2nd period - Aleksander Barkov wins face-off versus Michael Eyssimont in neutral zone.
4:59 of 2nd period - Wrist shot by Matias Maccelli.
4:59 of 2nd period - Stopped by Jonas Johansson with a rebound.
5:09 of 2nd period - Miro Heiskanen is hit by Andrei Kuzmenko and loses puck.
5:50 of 2nd period - Brett Leason is hit by Logan Cooley and loses puck.
6:11 of 2nd period - Slapshot by Robby Fabbri.
6:11 of 2nd period - Shot Misses the Net.
6:13 of 2nd period - Snap shot by Mikko Rantanen.
6:13 of 2nd period - Shot Misses the Net.
6:23 of 2nd period - Snap shot by Clayton Keller.
6:23 of 2nd period - Stopped by Jonas Johansson without a rebound.
6:24 of 2nd period - Aleksander Barkov wins face-off versus Adam Fantilli in Los Angeles Kings zone.
6:30 of 2nd period - Off-side.
6:31 of 2nd period - Aleksander Barkov wins face-off versus Adam Fantilli in neutral zone.
6:34 of 2nd period - Trent Frederic is hit by Matias Maccelli and loses puck.
7:05 of 2nd period - Slapshot by Seth Jarvis.
7:05 of 2nd period - Stopped by Joonas Korpisalo with a rebound.
7:07 of 2nd period - Snap shot by Logan Cooley.
7:07 of 2nd period - Deflect By Seth Jarvis.
7:07 of 2nd period - Stopped by Joonas Korpisalo without a rebound.
7:08 of 2nd period - Aleksander Barkov wins face-off versus Michael Eyssimont in Vancouver Canucks zone.
7:34 of 2nd period - Minor Penalty to Aleksander Barkov for High sticking.
7:35 of 2nd period - Adam Fantilli wins face-off versus Artturi Lehkonen in Vancouver Canucks zone.
9:34 of 2nd period - Penalty to Aleksander Barkov is over, Aleksander Barkov is back on ice.
9:44 of 2nd period - Snap shot by Matias Maccelli.
9:44 of 2nd period - Stopped by Jonas Johansson with a rebound.
9:54 of 2nd period - Wrist shot by Blake Wheeler.
9:54 of 2nd period - Shot Misses the Net.
10:11 of 2nd period - Blake Wheeler is hit by Mikko Rantanen and loses puck.
10:38 of 2nd period - Noah Dobson is hit by Jacob Bernard-Docker and loses puck.
10:49 of 2nd period - Ty Dellandrea is hit by Noah Dobson.
10:59 of 2nd period - Adam Fantilli is hit by Emil Martinsen Lilleberg and loses puck.
11:36 of 2nd period - Owen Power is hit by Ty Dellandrea and loses puck.
11:56 of 2nd period - Emil Martinsen Lilleberg is hit by Seth Jarvis and loses puck.
12:07 of 2nd period - Adam Fantilli is hit by Casey Mittelstadt and loses puck.
12:40 of 2nd period - Wrist shot by Blake Wheeler.
12:40 of 2nd period - Shot Blocked by Jacob Bernard-Docker.
13:25 of 2nd period - Brett Leason is hit by Erik Brannstrom and loses puck.
14:07 of 2nd period - K'Andre Miller is hit by Artturi Lehkonen and loses puck.
14:32 of 2nd period - Snap shot by Andrei Kuzmenko.
14:32 of 2nd period - Shot Blocked by Ryan McDonagh.
14:34 of 2nd period - Wrist shot by Michael Milne.
14:34 of 2nd period - Shot Blocked by Emil Martinsen Lilleberg.
15:38 of 2nd period - Wrist shot by Ty Dellandrea.
15:38 of 2nd period - Stopped by Jonas Johansson without a rebound.
15:39 of 2nd period - Casey Mittelstadt wins face-off versus Adam Fantilli in Los Angeles Kings zone.
15:52 of 2nd period - Wrist shot by Clayton Keller.
15:52 of 2nd period - Shot Misses the Net.
15:54 of 2nd period - Slapshot by Jacob Bernard-Docker.
15:54 of 2nd period - Shot Misses the Net.
15:56 of 2nd period - Slapshot by Noah Hanifin.
15:56 of 2nd period - Stopped by Jonas Johansson with a rebound.
16:08 of 2nd period - Noah Hanifin is hit by Andrei Kuzmenko and loses puck.
16:15 of 2nd period - Snap shot by Andrei Kuzmenko.
16:15 of 2nd period - Shot Blocked by Miro Heiskanen.
16:31 of 2nd period - Matias Maccelli is hit by Alexander Romanov and loses puck.
17:25 of 2nd period - Wrist shot by Logan Cooley.
17:25 of 2nd period - Shot Blocked by Jacob Bernard-Docker.
17:47 of 2nd period - Ty Dellandrea is hit by Andrei Kuzmenko and loses puck.
18:23 of 2nd period - Slapshot by Clayton Keller.
18:23 of 2nd period - Shot Blocked by Blake Wheeler.
18:25 of 2nd period - Snap shot by Aleksander Barkov.
18:25 of 2nd period - Shot Misses the Net.
18:27 of 2nd period - Snap shot by Artturi Lehkonen.
18:27 of 2nd period - Shot Misses the Net.
18:29 of 2nd period - Slapshot by Emil Martinsen Lilleberg.
18:29 of 2nd period - Shot Misses the Net.
18:46 of 2nd period - Wrist shot by Mikko Rantanen.
18:46 of 2nd period - Shot Misses the Net.
18:48 of 2nd period - Snap shot by Ryan McDonagh.
18:48 of 2nd period - Stopped by Jonas Johansson with a rebound.
19:28 of 2nd period - Snap shot by Alexander Romanov.
19:28 of 2nd period - Stopped by Joonas Korpisalo with a rebound.
19:30 of 2nd period - Wrist shot by Adam Fantilli.
19:30 of 2nd period - Shot Misses the Net.
19:32 of 2nd period - Snap shot by Adam Fantilli.
19:32 of 2nd period - Stopped by Joonas Korpisalo without a rebound.
19:33 of 2nd period - Casey Mittelstadt wins face-off versus Erik Brannstrom in Vancouver Canucks zone.
19:40 of 2nd period - Backhand shot by Mikko Rantanen.
19:40 of 2nd period - Stopped by Jonas Johansson without a rebound.
19:41 of 2nd period - Casey Mittelstadt wins face-off versus Logan Cooley in Los Angeles Kings zone.
19:44 of 2nd period - Wrist shot by Mikko Rantanen.
19:44 of 2nd period - Stopped by Jonas Johansson without a rebound.
19:45 of 2nd period - Casey Mittelstadt wins face-off versus Logan Cooley in Los Angeles Kings zone.
19:56 of 2nd period - Snap shot by Clayton Keller.
19:56 of 2nd period - Shot Misses the Net.
19:58 of 2nd period - Slapshot by Noah Hanifin.
19:58 of 2nd period - Stopped by Jonas Johansson with a rebound.
Goals for this period are 0 for Vancouver Canucks vs 0 for Los Angeles Kings.
Shots for this period are 12 for Vancouver Canucks vs 7 for Los Angeles Kings.
3rd period
0:01 of 3rd period - Casey Mittelstadt wins face-off versus Adam Fantilli in neutral zone.
0:10 of 3rd period - Slapshot by Owen Power.
0:10 of 3rd period - Shot Misses the Net.
1:59 of 3rd period - Minor Penalty to Michael Eyssimont for Cross-checking.
2:00 of 3rd period - Casey Mittelstadt wins face-off versus Andrei Kuzmenko in Los Angeles Kings zone.
2:00 of 3rd period - Wrist shot by Robby Fabbri.
2:00 of 3rd period - Deflect By Andrei Kuzmenko.
2:00 of 3rd period - Stopped by Jonas Johansson with a rebound.
2:06 of 3rd period - Slapshot by Aleksander Barkov.
2:06 of 3rd period - Stopped by Jonas Johansson with a rebound.
2:12 of 3rd period - Wrist shot by Connor Zary.
2:12 of 3rd period - Deflect By Casey Mittelstadt.
2:12 of 3rd period - Shot Misses the Net.
2:12 of 3rd period - Puck is out of play.
2:13 of 3rd period - Casey Mittelstadt wins face-off versus Seth Jarvis in Los Angeles Kings zone.
3:59 of 3rd period - Penalty to Michael Eyssimont is over, Michael Eyssimont is back on ice.
4:37 of 3rd period - Mikael Pyyhtia is hit by Jakub Zboril and loses puck.
5:45 of 3rd period - Noah Dobson is hit by Robby Fabbri.
6:13 of 3rd period - Owen Power is hit by Mikko Rantanen and loses puck.
6:30 of 3rd period - Owen Power is hit by Noah Hanifin and loses puck.
7:41 of 3rd period - Adam Fantilli is hit by Mikko Rantanen and loses puck.
7:51 of 3rd period - Off-side.
7:52 of 3rd period - Michael Eyssimont wins face-off versus Anton Lundell in neutral zone.
8:12 of 3rd period - Icing by Aleksander Barkov.
8:13 of 3rd period - Aleksander Barkov wins face-off versus Adam Fantilli in Vancouver Canucks zone.
8:26 of 3rd period - Wrist shot by Aleksander Barkov.
8:26 of 3rd period - Shot Blocked by Owen Power.
8:28 of 3rd period - Slapshot by Aleksander Barkov.
8:28 of 3rd period - Shot Misses the Net.
9:07 of 3rd period - Slapshot by Adam Fantilli.
9:07 of 3rd period - Goal by Adam Fantilli - Vancouver Canucks : 3 - Los Angeles Kings : 1.
9:08 of 3rd period - Clayton Keller wins face-off versus Logan Cooley in neutral zone.
9:37 of 3rd period - Slapshot by Noah Dobson.
9:37 of 3rd period - Shot Blocked by Miro Heiskanen.
9:39 of 3rd period - Wrist shot by Michael Milne.
9:39 of 3rd period - Goal by Michael Milne - Vancouver Canucks : 3 - Los Angeles Kings : 2.
9:40 of 3rd period - Casey Mittelstadt wins face-off versus Logan Cooley in neutral zone.
9:50 of 3rd period - Slapshot by Owen Power.
9:50 of 3rd period - Shot Blocked by Clayton Keller.
9:52 of 3rd period - Snap shot by Logan Cooley.
9:52 of 3rd period - Stopped by Joonas Korpisalo with a rebound.
9:54 of 3rd period - Slapshot by Alexander Romanov.
9:54 of 3rd period - Deflect By Erik Brannstrom.
9:54 of 3rd period - Shot Misses the Net.
9:54 of 3rd period - Puck is out of play.
9:55 of 3rd period - Adam Fantilli wins face-off versus Casey Mittelstadt in Vancouver Canucks zone.
10:06 of 3rd period - Mikko Rantanen is hit by Trent Frederic and loses puck.
11:46 of 3rd period - Andrei Kuzmenko is hit by Artturi Lehkonen and loses puck.
12:09 of 3rd period - Seth Jarvis is hit by Casey Mittelstadt and loses puck.
12:40 of 3rd period - Slapshot by Clayton Keller.
12:40 of 3rd period - Stopped by Jonas Johansson with a rebound.
12:42 of 3rd period - Slapshot by Noah Hanifin.
12:42 of 3rd period - Deflect By Mikko Rantanen.
12:42 of 3rd period - Stopped by Jonas Johansson with a rebound.
12:44 of 3rd period - Snap shot by Miro Heiskanen.
12:44 of 3rd period - Shot Misses the Net.
12:48 of 3rd period - Slapshot by Mikko Rantanen.
12:48 of 3rd period - Shot Misses the Net.
12:50 of 3rd period - Slapshot by Noah Hanifin.
12:50 of 3rd period - Stopped by Jonas Johansson without a rebound.
12:51 of 3rd period - Aleksander Barkov wins face-off versus Michael Eyssimont in Los Angeles Kings zone.
13:23 of 3rd period - Slapshot by Ty Dellandrea.
13:23 of 3rd period - Stopped by Jonas Johansson with a rebound.
13:25 of 3rd period - Slapshot by Ty Dellandrea.
13:25 of 3rd period - Shot Misses the Net.
13:33 of 3rd period - Chad Ruhwedel is hit by Owen Power and loses puck.
13:50 of 3rd period - Wrist shot by Logan Cooley.
13:50 of 3rd period - Shot Misses the Net.
13:56 of 3rd period - Wrist shot by Logan Cooley.
13:56 of 3rd period - Shot Misses the Net.
13:58 of 3rd period - Slapshot by Alexander Romanov.
13:58 of 3rd period - Shot Misses the Net.
14:00 of 3rd period - Snap shot by Alexander Romanov.
14:00 of 3rd period - Stopped by Joonas Korpisalo without a rebound.
14:01 of 3rd period - Aleksander Barkov wins face-off versus Adam Fantilli in Vancouver Canucks zone.
14:12 of 3rd period - Snap shot by Matias Maccelli.
14:12 of 3rd period - Stopped by Jonas Johansson with a rebound.
14:14 of 3rd period - Slapshot by Ryan McDonagh.
14:14 of 3rd period - Deflect By Matias Maccelli.
14:14 of 3rd period - Stopped by Jonas Johansson with a rebound.
14:32 of 3rd period - Wrist shot by Noah Dobson.
14:32 of 3rd period - Shot Blocked by Emil Martinsen Lilleberg.
16:16 of 3rd period - Slapshot by Owen Power.
16:16 of 3rd period - Shot Blocked by Miro Heiskanen.
17:23 of 3rd period - Owen Power is hit by Clayton Keller and loses puck.
18:01 of 3rd period - Wrist shot by Michael Eyssimont.
18:01 of 3rd period - Shot Misses the Net.
18:49 of 3rd period - Owen Power is hit by Mikko Rantanen and loses puck.
19:00 of 3rd period - Artturi Lehkonen is hit by Logan Cooley and loses puck.
19:03 of 3rd period - Los Angeles Kings, Jonas Johansson is pulled from the net.
19:17 of 3rd period - Michael Milne is hit by Noah Hanifin and loses puck.
19:24 of 3rd period - Backhand shot by Noah Dobson.
19:24 of 3rd period - Shot Hit the Post.
19:43 of 3rd period - Wrist shot by Seth Jarvis.
19:43 of 3rd period - Shot Blocked by Noah Hanifin.
19:45 of 3rd period - Backhand shot by Seth Jarvis.
19:45 of 3rd period - Stopped by Joonas Korpisalo with a rebound.
19:47 of 3rd period - Slapshot by Logan Cooley.
19:47 of 3rd period - Stopped by Joonas Korpisalo without a rebound.
19:48 of 3rd period - Benoit Groulx call a timeout for Los Angeles Kings.
19:48 of 3rd period - Aleksander Barkov wins face-off versus Logan Cooley in Vancouver Canucks zone.
Goals for this period are 0 for Vancouver Canucks vs 2 for Los Angeles Kings.
Shots for this period are 8 for Vancouver Canucks vs 6 for Los Angeles Kings.
Back to the Top